 Dungeon Crawl Stone Soup version 0.26.1-11-gd32895ea62 (webtiles) character file.

Game seed: 14148737883506397394

93 buriedalive the Chiller (level 4, -7/24 HPs)
             Began as a Deep Elf Ice Elementalist on May 21, 2021.
             Killed by divine providence
             ... invoked by an orc priest
              (15 damage)
             ... on level 3 of the Dungeon.
             The game lasted 00:04:03 (1771 turns).

buriedalive the Chiller (Deep Elf Ice Elementalist) Turns: 1771, Time: 00:04:03

Health: -7/24      AC:  4    Str:  5    XL:     4   Next: 36%
Magic:  11/11      EV: 13    Int: 21    God:
Gold:   185        SH:  0    Dex: 15    Spells: 2/9 levels left

rFire    . . .     SeeInvis .   f - +0 dagger
rCold    . . .     Faith    .   (no shield)
rNeg     . . .     Spirit   .   k - +0 leather armour
rPois    .         Reflect  .   (no helmet)
rElec    .         Harm     .   (no cloak)
rCorr    .         Rampage  .   (no gloves)
Will     .....                  j - +0 pair of boots
Stlth    +.........             (no amulet)
HPRegen  0.08/turn              (no ring)
MPRegen  0.12/turn              (no ring)

@: confused
A: no striking features
a: no special abilities


You were on level 3 of the Dungeon.
You visited 1 branch of the dungeon, and saw 3 of its levels.

You collected 185 gold pieces.

Inventory:

Hand Weapons
 f - a +0 dagger (weapon)
Missiles
 c - 107 stones
Armour
 a - a +0 robe
 j - a +0 pair of boots (worn)
 k - a +0 leather armour (worn)
Scrolls
 b - a scroll of amnesia {unknown}
 d - 2 scrolls of fog {unknown}
 g - 3 scrolls of identify {unknown}
 l - a scroll of remove curse {unknown}
Potions
 h - a potion of curing {unknown}
 i - a potion of might {unknown}
 m - 2 potions of cancellation {unknown}
 n - a potion of heal wounds {unknown}


   Skills:
 + Level 4.2 Dodging
 - Level 2.4 Stealth
 - Level 3.3 Spellcasting
 + Level 5.4 Ice Magic


You had 2 spell levels left.
You knew the following spells:

 Your Spells              Type           Power        Failure   Level
a - Freeze                Ice            100%         2%          1
b - Frozen Ramparts       Ice            52%          7%          3
c - Ozocubu's Armour      Ice            26%          7%          3

Your spell library contained the following spells:

 Spells                   Type           Power        Failure   Level
 Hailstorm                Conj/Ice       14%          56%         4
 Summon Ice Beast         Ice/Summ       14%          56%         4


Dungeon Overview and Level Annotations

Branches:
Dungeon (3/15)

Altars:

Annotations:
D:3 3 runed translucent doors, roke1's ghost, amateur VSBe


Message History

Aim: an orc priest, wearing a +0 ring mail You freeze the orc priest.
The orc priest is moderately wounded.
The orc priest hits you.
Unknown command.
It was a potion of ambrosia.
You are confused.
You feel invigorated.
The orc priest invokes the aid of Beogh against you.
Beogh smites you!
Ouch! That really hurt!
* * * LOW HITPOINT WARNING * * *
You closely miss the orc priest.
The orc priest is moderately wounded.
The orc priest hits you.
* * * LOW HITPOINT WARNING * * *
The orc priest invokes the aid of Beogh against you.
Beogh smites you!
Ouch! That really hurt!
You die...

#.# # #.# .# .. #####.###
.# .#
..>.....######.###.####
......................
#####...##.#.........###
#...##.#.####.#....
#.............#..#
#.###+++###.@##..#
#####.#......o#...o..######
#.....#....W..#.###........
#.#.#.#.##.##.#.# #..######
#..##.#.##.##.#.. ...#
..###.#.##.##.#.####o#
#..##.#... ..#.# o#
#.#.#.#...S...#.# .#
......#########. o#


You could see an orc priest.

Vanquished Creatures
  An orc wizard (D:3)
  2 adders (D:2)
  2 oozes (D:1)
  2 dart slugs
  A leopard gecko (D:2)
  3 orcs (D:3)
  2 giant cockroaches
  6 hobgoblins (D:1)
  A ball python (D:3)
  2 bats
  A frilled lizard (D:1)
  3 goblins (D:1)
  4 kobolds (D:1)
  6 rats
36 creatures vanquished.

Notes
Turn   | Place    | Note
-------+----------+-------------------------------------------
     0 | D:1      | buriedalive the Deep Elf Ice Elementalist began the quest
                  | for the Orb.
     0 | D:1      | Reached XP level 1. HP: 10/10 MP: 6/6
    81 | D:1      | Reached XP level 2. HP: 14/15 MP: 6/8
   678 | D:1      | Reached XP level 3. HP: 18/19 MP: 6/9
   750 | D:1      | Learned a level 3 spell: Frozen Ramparts
   754 | D:1      | Learned a level 3 spell: Ozocubu's Armour
  1136 | D:2      | Reached skill level 5 in Ice Magic
  1737 | D:3      | Found a runed translucent gate.
  1737 | D:3      | Found a runed translucent gate.
  1737 | D:3      | Found a runed translucent gate.
  1738 | D:3      | Noticed roke1's ghost (amateur VSBe)
  1765 | D:3      | Reached XP level 4. HP: 14/24 MP: 2/11
  1771 | D:3      | Killed from afar by an orc priest

Illustrated notes

Levels and vault maps discovered:
D:1:      dpeg_arrival_round_a, layout_basic, due_unseen_surprise
D:2:      layout_rooms, corexii_leaking_fountain
D:3:      cheibrodos_thug_alley, layout_loops_ring, gammafunk_ghost_split

Skill      XL: |  1  2  3 |
---------------+----------+-----
Dodging        | 3 4 |  4.2
Ice Magic      | 5 |  5.4
Stealth        | |  2.4
Spellcasting   | |  3.3

Action                   |  1- 3 |  4- 6 || total
-------------------------+-------+-------++-------
Melee: Unarmed           |     8 |       ||     8
       Dagger            |    22 |     1 ||    23
 Cast: Freeze            |    46 |     3 ||    49
  Use: Potion            |       |     1 ||     1
 Stab: Sleeping          |     4 |       ||     4
Armor: Robe              |     8 |       ||     8
       Leather armour    |     9 |       ||     9
Dodge: Dodged            |    30 |       ||    30
